Thunder vs Ice Dragons
Created - 22 janvier 2015 at 23:19
Goals
|
Thunder |
3 |
3 |
2 |
8 |
Ice Dragons |
1 |
4 |
1 |
6 |
|
Shots
|
Thunder |
14 |
12 |
12 |
38 |
Ice Dragons |
14 |
9 |
5 |
28 |
|
1st period
1. Ice Dragons , Niklas Sundstrom 8 (Patrick O'Sullivan, Kevin Klein) at 9:20 (PP)
2. Thunder , Brandon Mashinter 9 (Robin Leblanc, Doug Janik) at 17:35
3. Thunder , Scott Parse 19 (Samuel Pahlsson, Doug Janik) at 17:49
4. Thunder , Doug Janik 8 (Pierre-Alexandre Parenteau) at 19:15 (PP)
Penalties :
Brayden McNabb (Kin) for Holding (Minor) at 1:51, Scott Parse (TRO) for Hooking (Minor) at 8:47, Nigel Dawes (Kin) for Hooking (Minor) at 17:56
2nd period
5. Ice Dragons , Marc-Antoine Pouliot 4 (Mats Zuccarello, Kris Beech) at 2:32
6. Thunder , Matt D'Agostini 28 (Dany Roussin, Tom Pyatt) at 5:14 (PP)
7. Ice Dragons , Nigel Dawes 12 (Niklas Sundstrom) at 7:28 (PP)
8. Ice Dragons , Jeff Tambellini 29 (Shean Donovan, Martin Hanzal) at 7:37
9. Thunder , Dany Roussin 20 (Doug Janik, Jeff Finger) at 11:13
10. Thunder , Samuel Pahlsson 33 (Jannik Hansen, Ray Macias) at 16:17
11. Ice Dragons , Jeff Tambellini 30 (Martin Hanzal, Kevin Klein) at 17:57 (PP)
Penalties :
Pierre-Alexandre Parenteau (TRO) for Hooking (Minor) at 2:51, Mats Zuccarello (Kin) for Slashing (Minor) at 5:10, Casey Pierro-Zabotel (TRO) for Hooking (Minor) at 6:21, Casey Pierro-Zabotel (TRO) for Slashing (Minor) at 8:59, Patrick O'Sullivan (Kin) for Hooking (Minor) at 11:22, Matt D'Agostini (TRO) for Holding (Minor) at 16:30
3rd period
12. Thunder , Doug Janik 9 (Samuel Pahlsson, Scott Parse) at 6:03 (PP)
13. Ice Dragons , Niklas Sundstrom 9 (Mats Zuccarello, Kris Beech) at 14:20 (SH)
14. Thunder , Samuel Pahlsson 34 (Pierre-Alexandre Parenteau, Scott Parse) at 19:29
Penalties :
Ray Macias (TRO) for Holding (Minor) at 0:50, Martin Hanzal (Kin) for Hooking (Minor) at 4:32, Pierre-Alexandre Parenteau (TRO) for Roughing (Double Minor) at 6:55, Nigel Dawes (Kin) for Interference (Minor) at 13:14, Danny Syvret (Kin) for Roughing (Minor) at 15:37
Goalie Stats
Devan Dubnyk (TRO), 22 saves from 28 shots - (0,786), W, 4-8-0, 60:00 minutes
Anders Nilsson (Kin), 17 saves from 21 shots - (0,810), L, 6-6-2, 34:46 minutes
Justin Pogge (Kin), 13 saves from 17 shots - (0,765), 25:14 minutes
Players Stats for Thunder
Player Name G A P +/- PIM S H SB GA TA FO MP PP MP PK MP
------------------------------------------------------------------------------------
Brandon Mashinter 1 0 1 2 0 2 2 0 1 0 0/4 12:58 0:00 3:01
Brett Festerling 0 0 0 0 0 0 0 0 0 0 0/0 4:33 0:00 1:02
Casey Pierro-Zabotel 0 0 0 2 4 0 1 0 0 0 0/0 10:54 0:00 1:35
Colby Cohen 0 0 0 0 0 0 0 0 0 0 0/0 0:00 0:00 0:00
Dany Roussin 1 1 2 1 0 4 3 1 1 0 1/1 19:02 4:26 4:23
Daultan Leveillé 0 0 0 1 0 0 0 0 0 0 1/4 6:18 0:00 0:00
David Fischer 0 0 0 0 0 0 0 0 0 0 0/0 3:27 0:00 0:00
Derek Peltier 0 0 0 0 0 1 1 0 0 0 0/0 19:23 3:22 5:13
Doug Janik 2 3 5 2 0 8 0 1 0 2 0/0 28:53 7:28 7:22
Jannik Hansen 0 1 1 1 0 1 0 0 0 0 1/1 6:46 0:00 0:03
Jeff Finger 0 1 1 2 0 1 3 0 1 2 0/0 28:53 7:28 7:22
Jesse Blacker 0 0 0 0 0 0 0 0 0 0 0/0 0:00 0:00 0:00
Joey Ryan 0 0 0 0 0 0 0 0 0 1 0/0 7:49 0:00 0:00
Kelly Zajac 0 0 0 0 0 0 0 0 0 0 0/0 0:00 0:00 0:00
Kevin Montgomery 0 0 0 0 0 0 0 0 0 0 0/0 0:00 0:00 0:00
Mat Clark 0 0 0 0 0 0 0 0 0 0 0/0 0:00 0:00 0:00
Matt D'Agostini 1 0 1 0 2 3 0 0 1 0 0/0 13:30 4:26 0:00
Pierre-Alexandre Parente 0 2 2 -1 6 2 0 0 0 0 0/1 18:52 6:24 1:22
Ray Macias 0 1 1 0 2 0 0 2 0 0 0/0 18:30 3:22 4:21
Robin Leblanc 0 1 1 1 0 2 0 1 0 0 0/0 10:07 0:00 0:00
Samuel Pahlsson 2 2 4 0 0 4 1 2 0 1 26/46 28:36 6:24 7:26
Scott Parse 1 2 3 -1 2 7 0 1 1 0 1/2 24:21 6:24 6:53
Slava Voynov 0 0 0 0 0 0 1 0 0 0 0/0 9:02 0:00 1:13
Tim Gleason 0 0 0 0 0 0 0 0 0 0 0/0 0:00 0:00 0:00
Tom Pyatt 0 1 1 0 0 3 0 0 0 0 10/17 14:56 4:26 0:56
Players Stats for Ice Dragons
Player Name G A P +/- PIM S H SB GA TA FO MP PP MP PK MP
------------------------------------------------------------------------------------
Boris Valabik 0 0 0 -2 0 3 3 1 1 1 0/0 30:53 7:07 6:35
Brad Staubitz 0 0 0 0 0 0 0 0 0 0 0/0 6:58 0:56 0:00
Brayden McNabb 0 0 0 1 2 0 1 0 0 0 0/0 7:31 0:23 0:39
Cal Clutterbuck 0 0 0 -3 0 0 1 0 0 0 0/0 9:07 0:53 0:00
Danny Syvret 0 0 0 -1 2 0 3 2 0 0 0/0 20:58 5:33 3:36
Eric Mestery 0 0 0 0 0 0 0 0 0 0 0/0 2:39 0:00 0:00
Jeff Tambellini 2 0 2 1 0 5 2 0 0 1 0/0 17:44 4:45 3:13
Jonathan Blum 0 0 0 1 0 1 0 0 0 0 0/0 6:53 0:23 0:00
Kevin Klein 0 2 2 -2 0 0 0 4 0 1 0/0 29:26 7:07 6:35
Kris Beech 0 2 2 -3 0 0 0 0 0 0 2/6 10:33 0:46 1:18
Marc-Antoine Pouliot 1 0 1 1 0 4 0 0 2 0 2/2 5:47 0:00 0:00
Martin Hanzal 0 2 2 1 2 2 0 0 0 0 4/11 14:26 4:42 0:00
Mats Zuccarello 0 2 2 -1 2 2 2 1 1 0 2/4 10:57 0:00 2:58
Nigel Dawes 1 0 1 -2 4 2 2 1 1 1 6/11 24:13 7:11 4:58
Niklas Sundstrom 2 1 3 -1 0 5 1 2 0 1 0/1 26:43 7:11 7:27
Patrick O'Sullivan 0 1 1 -2 2 3 1 0 0 0 19/39 21:03 7:11 1:33
Shean Donovan 0 1 1 1 0 0 2 0 1 0 1/2 14:28 4:43 0:00
Tim Kennedy 0 0 0 1 0 0 1 0 0 0 0/0 7:06 0:51 0:13
Tyler Eckford 0 0 0 -1 0 1 1 1 0 0 0/0 21:38 5:33 4:15
3 Stars
1 - Doug Janik (TRO)
2 - Samuel Pahlsson (TRO)
3 - Jeff Tambellini (Kin)
Power Play
Thunder - 3 on 7 Attempt(s) - 42,86%
Ice Dragons - 3 on 8 Attempt(s) - 37,50%
Penalty Kill
Thunder - 5 on 8 Attempt(s) - 62,50%
- Score 0 goal in Penalty Kill
Ice Dragons - 4 on 7 Attempt(s) - 57,14%
- Score 1 goal in Penalty Kill
Team Stat
Thunder - Hits : 12 - Faceoff Wins : 40 - Blocked Shots : 8 - Penalty Minutes : 16
Ice Dragons - Hits : 20 - Faceoff Wins : 36 - Blocked Shots : 12 - Penalty Minutes : 14
Official
Referees : Rooney Chris and L'Ecuyer Frederick
Linesman : Brad Kovachik and Lyle Seitz
Game Notes
Anders Nilsson enters game at 5:14 of 2nd period
Finance
Level 1 -- Attendance: 1351 (67,55%) -- Ticket Income 47 285 $
Level 2 -- Attendance: 676 (67,60%) -- Ticket Income 10 140 $
Total Attendance: 2027 (67,57%)
Total Ticket Income: 57 425 $
Other Income: 2 871 $
Total Income: 60 296 $
Thunder
5 vs 5 Forward
Center Left Wing Right Wing Time % Phy DF OF
1 Samuel Pahlsson Scott Parse Pierre-Alexandre Parentea40 1 2 2
2 Tom Pyatt Dany Roussin Matt D'Agostini 30 1 2 2
3 Brandon Mashinter Casey Pierro-Zabotel Robin Leblanc 20 1 2 2
4 Daultan Leveillé Samuel Pahlsson Jannik Hansen 10 1 2 2
5 vs 5 Defense
Defense Defense Time % Phy DF OF
1 Doug Janik Jeff Finger 40 1 2 2
2 Ray Macias Derek Peltier 30 1 2 2
3 Joey Ryan Slava Voynov 20 1 2 2
4 Brett Festerling David Fischer 10 1 2 2
PowerPlay Forward
Center Left Wing Right Wing Time % Phy DF OF
1 Samuel Pahlsson Scott Parse Pierre-Alexandre Parentea60 1 2 2
2 Tom Pyatt Dany Roussin Matt D'Agostini 40 1 2 2
PowerPlay Defense
Defense Defense Time % Phy DF OF
1 Doug Janik Jeff Finger 60 1 2 2
2 Ray Macias Derek Peltier 40 1 2 2
Penalty Kill 4 Players Forward
Center Wing Time % Phy DF OF
1 Samuel Pahlsson Scott Parse 60 1 2 2
2 Dany Roussin Pierre-Alexandre Parentea40 1 2 2
Penalty Kill 4 Players Defense
Defense Defense Time % Phy DF OF
1 Doug Janik Jeff Finger 60 1 2 2
2 Ray Macias Derek Peltier 40 1 2 2
Penalty Kill - 3 Players Forward
Forward Time % Phy DF OF
1 Samuel Pahlsson 60 1 2 2
2 Scott Parse 40 1 2 2
Penalty Kill - 3 Players Defense
Defense Defense Time % Phy DF OF
1 Doug Janik Jeff Finger 60 1 2 2
2 Ray Macias Derek Peltier 40 1 2 2
4 vs 4 Forward
Center Wing Time % Phy DF OF
1 Samuel Pahlsson Scott Parse 60 1 2 2
2 Dany Roussin Pierre-Alexandre Parentea40 1 2 2
4 vs 4 Defense
Defense Defense Time % Phy DF OF
1 Doug Janik Jeff Finger 60 1 2 2
2 Ray Macias Derek Peltier 40 1 2 2
Last Minutes Offensive
Center Left Wing Right Wing Defense Defense
Samuel Pahlsson Scott Parse Pierre-Alexandre ParenteaDoug Janik Jeff Finger
Last Minutes Defensive
Center Left Wing Right Wing Defense Defense
Samuel Pahlsson Scott Parse Pierre-Alexandre ParenteaDoug Janik Jeff Finger
Goaltenders
Starting : Devan Dubnyk
Backup : Mark Dekanich
Extra Forwards
Normal : Robin Leblanc, Jannik Hansen, Brandon Mashinter - PP : Robin Leblanc, Jannik Hansen - PK : Brandon Mashinter
Extra Defensemen
Normal : Joey Ryan, Slava Voynov, Brett Festerling - PP : Joey Ryan - PK : Slava Voynov, Brett Festerling
Penalty Shots
Samuel Pahlsson, Scott Parse, Dany Roussin, Pierre-Alexandre Parenteau, Matt D'Agostini
Ice Dragons
5 vs 5 Forward
Center Left Wing Right Wing Time % Phy DF OF
1 Patrick O'Sullivan Nigel Dawes Niklas Sundstrom 40 1 2 2
2 Martin Hanzal Jeff Tambellini Shean Donovan 30 1 2 2
3 Kris Beech Mats Zuccarello Cal Clutterbuck 20 1 2 2
4 Marc-Antoine Pouliot Tim Kennedy Brad Staubitz 10 1 2 2
5 vs 5 Defense
Defense Defense Time % Phy DF OF
1 Boris Valabik Kevin Klein 40 1 2 2
2 Danny Syvret Tyler Eckford 30 1 2 2
3 Jonathan Blum Brayden McNabb 20 1 2 2
4 Eric Mestery Boris Valabik 10 1 2 2
PowerPlay Forward
Center Left Wing Right Wing Time % Phy DF OF
1 Patrick O'Sullivan Nigel Dawes Niklas Sundstrom 60 1 2 2
2 Martin Hanzal Jeff Tambellini Shean Donovan 40 1 2 2
PowerPlay Defense
Defense Defense Time % Phy DF OF
1 Boris Valabik Kevin Klein 60 1 2 2
2 Danny Syvret Tyler Eckford 40 1 2 2
Penalty Kill 4 Players Forward
Center Wing Time % Phy DF OF
1 Nigel Dawes Niklas Sundstrom 60 1 2 2
2 Jeff Tambellini Patrick O'Sullivan 40 1 2 2
Penalty Kill 4 Players Defense
Defense Defense Time % Phy DF OF
1 Boris Valabik Kevin Klein 60 1 2 2
2 Danny Syvret Tyler Eckford 40 1 2 2
Penalty Kill - 3 Players Forward
Forward Time % Phy DF OF
1 Nigel Dawes 60 1 2 2
2 Niklas Sundstrom 40 1 2 2
Penalty Kill - 3 Players Defense
Defense Defense Time % Phy DF OF
1 Boris Valabik Kevin Klein 60 1 2 2
2 Danny Syvret Tyler Eckford 40 1 2 2
4 vs 4 Forward
Center Wing Time % Phy DF OF
1 Nigel Dawes Niklas Sundstrom 60 1 2 2
2 Jeff Tambellini Patrick O'Sullivan 40 1 2 2
4 vs 4 Defense
Defense Defense Time % Phy DF OF
1 Boris Valabik Kevin Klein 60 1 2 2
2 Danny Syvret Tyler Eckford 40 1 2 2
Last Minutes Offensive
Center Left Wing Right Wing Defense Defense
Patrick O'Sullivan Nigel Dawes Niklas Sundstrom Boris Valabik Kevin Klein
Last Minutes Defensive
Center Left Wing Right Wing Defense Defense
Patrick O'Sullivan Nigel Dawes Niklas Sundstrom Boris Valabik Kevin Klein
Goaltenders
Starting : Justin Pogge
Backup : Anders Nilsson
Extra Forwards
Normal : Kris Beech, Cal Clutterbuck, Mats Zuccarello - PP : Kris Beech, Cal Clutterbuck - PK : Mats Zuccarello
Extra Defensemen
Normal : Jonathan Blum, Brayden McNabb, Eric Mestery - PP : Jonathan Blum - PK : Brayden McNabb, Eric Mestery
Penalty Shots
Nigel Dawes, Niklas Sundstrom, Jeff Tambellini, Patrick O'Sullivan, Shean Donovan
% Time on Ice - Thunder
Lines # - Real PCT - Wanted PCT - Time Play
Normal Forward
1 - 30% - 40% - 10:37
2 - 27% - 30% - 9:33
3 - 25% - 20% - 8:59
4 - 18% - 10% - 6:18
Normal Defense
1 - 38% - 40% - 13:31
2 - 30% - 30% - 10:48
3 - 22% - 20% - 7:49
4 - 9% - 10% - 3:19
PP Forward
1 - 59% - 60% - 6:24
2 - 41% - 40% - 4:26
PP Defense
1 - 69% - 60% - 7:28
2 - 31% - 40% - 3:22
PK Forward
1 - 70% - 60% - 9:07
2 - 30% - 40% - 3:56
PK Defense
1 - 61% - 60% - 7:58
2 - 39% - 40% - 5:05
PK3 Forward
1 - 0% - 60%
2 - 0% - 40%
PK3 Defense
1 - 0% - 60%
2 - 0% - 40%
44 Forward
1 - 0% - 60%
2 - 0% - 40%
44 Defense
1 - 0% - 60%
2 - 0% - 40%
Last Minute Offensive - 0:00
Last Minute Defensive - 0:40
Total
Forward - 60:00
Defense - 60:00
|
% Time on Ice - Ice Dragons
Lines # - Real PCT - Wanted PCT - Time Play
Normal Forward
1 - 33% - 40% - 11:40
2 - 28% - 30% - 10:00
3 - 23% - 20% - 7:59
4 - 16% - 10% - 5:47
Normal Defense
1 - 43% - 40% - 15:21
2 - 33% - 30% - 11:50
3 - 17% - 20% - 6:12
4 - 6% - 10% - 2:03
PP Forward
1 - 62% - 60% - 8:07
2 - 38% - 40% - 4:56
PP Defense
1 - 57% - 60% - 7:30
2 - 43% - 40% - 5:33
PK Forward
1 - 79% - 60% - 8:33
2 - 21% - 40% - 2:17
PK Defense
1 - 61% - 60% - 6:35
2 - 39% - 40% - 4:15
PK3 Forward
1 - 0% - 60%
2 - 0% - 40%
PK3 Defense
1 - 0% - 60%
2 - 0% - 40%
44 Forward
1 - 0% - 60%
2 - 0% - 40%
44 Defense
1 - 0% - 60%
2 - 0% - 40%
Last Minute Offensive - 0:41
Last Minute Defensive - 0:00
Total
Forward - 60:00
Defense - 60:00
|
Play by Play
1st period
0:01 of 1st period - Patrick O'Sullivan wins face-off versus Samuel Pahlsson in neutral zone.
0:50 of 1st period - Kris Beech is hit by Brandon Mashinter.
1:25 of 1st period - Off-side.
1:26 of 1st period - Samuel Pahlsson wins face-off versus Patrick O'Sullivan in neutral zone.
1:51 of 1st period - Minor Penalty to Brayden McNabb for Holding.
1:52 of 1st period - Nigel Dawes wins face-off versus Tom Pyatt in Ice Dragons zone.
1:57 of 1st period - Icing by Dany Roussin.
1:58 of 1st period - Nigel Dawes wins face-off versus Tom Pyatt in Thunder zone.
1:59 of 1st period - Wrist shot by Niklas Sundstrom.
1:59 of 1st period - Shot Blocked by Dany Roussin.
2:09 of 1st period - Snap shot by Dany Roussin.
2:09 of 1st period - Stopped by Justin Pogge with a rebound.
2:11 of 1st period - Wrist shot by Matt D'Agostini.
2:11 of 1st period - Stopped by Justin Pogge with a rebound.
2:13 of 1st period - Slapshot by Jeff Finger.
2:13 of 1st period - Shot Blocked by Kevin Klein.
2:25 of 1st period - Doug Janik is hit by Boris Valabik and loses puck.
2:48 of 1st period - Snap shot by Patrick O'Sullivan.
2:48 of 1st period - Shot Misses the Net.
3:51 of 1st period - Penalty to Brayden McNabb is over, Brayden McNabb is back on ice.
4:51 of 1st period - Matt D'Agostini is hit by Patrick O'Sullivan.
5:19 of 1st period - Derek Peltier is hit by Shean Donovan and loses puck.
6:13 of 1st period - Pierre-Alexandre Parenteau is hit by Brayden McNabb and loses puck.
6:49 of 1st period - Snap shot by Tim Kennedy.
6:49 of 1st period - Shot Misses the Net.
7:14 of 1st period - Tyler Eckford is hit by Samuel Pahlsson and loses puck.
7:31 of 1st period - Snap shot by Mats Zuccarello.
7:31 of 1st period - Stopped by Devan Dubnyk with a rebound.
7:33 of 1st period - Snap shot by Mats Zuccarello.
7:33 of 1st period - Stopped by Devan Dubnyk without a rebound.
7:34 of 1st period - Tom Pyatt wins face-off versus Kris Beech in Thunder zone.
8:30 of 1st period - Wrist shot by Patrick O'Sullivan.
8:30 of 1st period - Deflect By Marc-Antoine Pouliot.
8:30 of 1st period - Stopped by Devan Dubnyk with a rebound.
8:32 of 1st period - Slapshot by Boris Valabik.
8:32 of 1st period - Stopped by Devan Dubnyk without a rebound.
8:33 of 1st period - Marc-Antoine Pouliot wins face-off versus Tom Pyatt in Thunder zone.
8:44 of 1st period - Wrist shot by Marc-Antoine Pouliot.
8:44 of 1st period - Stopped by Devan Dubnyk without a rebound.
8:45 of 1st period - Samuel Pahlsson wins face-off versus Patrick O'Sullivan in Thunder zone.
8:47 of 1st period - Minor Penalty to Scott Parse for Hooking.
8:48 of 1st period - Patrick O'Sullivan wins face-off versus Samuel Pahlsson in Thunder zone.
8:52 of 1st period - Snap shot by Niklas Sundstrom.
8:52 of 1st period - Stopped by Devan Dubnyk without a rebound.
8:53 of 1st period - Patrick O'Sullivan wins face-off versus Samuel Pahlsson in Thunder zone.
9:20 of 1st period - Wrist shot by Niklas Sundstrom.
9:20 of 1st period - Goal by Niklas Sundstrom - Thunder : 0 - Ice Dragons : 1.
9:21 of 1st period - Samuel Pahlsson wins face-off versus Patrick O'Sullivan in neutral zone.
9:24 of 1st period - Snap shot by Pierre-Alexandre Parenteau.
9:24 of 1st period - Shot Blocked by Niklas Sundstrom.
9:28 of 1st period - Snap shot by Samuel Pahlsson.
9:28 of 1st period - Shot Misses the Net.
9:49 of 1st period - Off-side.
9:50 of 1st period - Tom Pyatt wins face-off versus Kris Beech in neutral zone.
9:53 of 1st period - Slapshot by Dany Roussin.
9:53 of 1st period - Stopped by Justin Pogge with a rebound.
9:55 of 1st period - Snap shot by Tom Pyatt.
9:55 of 1st period - Stopped by Justin Pogge with a rebound.
10:25 of 1st period - Brandon Mashinter is hit by Nigel Dawes and loses puck.
10:38 of 1st period - Snap shot by Scott Parse.
10:38 of 1st period - Stopped by Justin Pogge without a rebound.
10:39 of 1st period - Samuel Pahlsson wins face-off versus Shean Donovan in Ice Dragons zone.
10:52 of 1st period - Wrist shot by Martin Hanzal.
10:52 of 1st period - Stopped by Devan Dubnyk with a rebound.
10:54 of 1st period - Slapshot by Boris Valabik.
10:54 of 1st period - Stopped by Devan Dubnyk with a rebound.
11:13 of 1st period - Wrist shot by Dany Roussin.
11:13 of 1st period - Shot Misses the Net.
11:15 of 1st period - Slapshot by Doug Janik.
11:15 of 1st period - Stopped by Justin Pogge without a rebound.
11:16 of 1st period - Martin Hanzal wins face-off versus Tom Pyatt in Ice Dragons zone.
11:21 of 1st period - Snap shot by Martin Hanzal.
11:21 of 1st period - Deflect By Jeff Tambellini.
11:21 of 1st period - Stopped by Devan Dubnyk without a rebound.
11:22 of 1st period - Martin Hanzal wins face-off versus Tom Pyatt in Thunder zone.
11:23 of 1st period - Snap shot by Jeff Tambellini.
11:23 of 1st period - Deflect By Martin Hanzal.
11:23 of 1st period - Shot Blocked by Ray Macias.
11:23 of 1st period - Puck is out of play.
11:24 of 1st period - Tom Pyatt wins face-off versus Martin Hanzal in Thunder zone.
11:24 of 1st period - Tom Pyatt is hit by Jeff Tambellini.
12:01 of 1st period - Tom Pyatt is hit by Shean Donovan and loses puck.
12:06 of 1st period - Snap shot by Martin Hanzal.
12:06 of 1st period - Stopped by Devan Dubnyk with a rebound.
12:16 of 1st period - Snap shot by Jeff Tambellini.
12:16 of 1st period - Stopped by Devan Dubnyk with a rebound.
12:32 of 1st period - Wrist shot by Jeff Tambellini.
12:32 of 1st period - Shot Misses the Net.
12:34 of 1st period - Backhand shot by Boris Valabik.
12:34 of 1st period - Deflect By Shean Donovan.
12:34 of 1st period - Shot Misses the Net.
12:34 of 1st period - Puck is out of play.
12:35 of 1st period - Patrick O'Sullivan wins face-off versus Samuel Pahlsson in Thunder zone.
13:11 of 1st period - Snap shot by Kris Beech.
13:11 of 1st period - Shot Blocked by Robin Leblanc.
13:29 of 1st period - Wrist shot by Marc-Antoine Pouliot.
13:29 of 1st period - Stopped by Devan Dubnyk with a rebound.
13:31 of 1st period - Slapshot by Jonathan Blum.
13:31 of 1st period - Stopped by Devan Dubnyk with a rebound.
13:46 of 1st period - Patrick O'Sullivan is hit by Slava Voynov.
13:58 of 1st period - Jeff Finger is hit by Cal Clutterbuck and loses puck.
16:15 of 1st period - Off-side.
16:16 of 1st period - Samuel Pahlsson wins face-off versus Patrick O'Sullivan in neutral zone.
17:01 of 1st period - Off-side.
17:02 of 1st period - Samuel Pahlsson wins face-off versus Kris Beech in neutral zone.
17:11 of 1st period - Slapshot by Pierre-Alexandre Parenteau.
17:11 of 1st period - Shot Misses the Net.
17:13 of 1st period - Slapshot by Jeff Finger.
17:13 of 1st period - Shot Blocked by Tyler Eckford.
17:33 of 1st period - Slapshot by Brandon Mashinter.
17:33 of 1st period - Stopped by Justin Pogge with a rebound.
17:35 of 1st period - Wrist shot by Brandon Mashinter.
17:35 of 1st period - Goal by Brandon Mashinter - Thunder : 1 - Ice Dragons : 1.
17:36 of 1st period - Samuel Pahlsson wins face-off versus Patrick O'Sullivan in neutral zone.
17:36 of 1st period - Scott Parse is hit by Nigel Dawes and loses puck.
17:41 of 1st period - Snap shot by Jeff Finger.
17:41 of 1st period - Shot Misses the Net.
17:47 of 1st period - Wrist shot by Scott Parse.
17:47 of 1st period - Stopped by Justin Pogge with a rebound.
17:49 of 1st period - Slapshot by Scott Parse.
17:49 of 1st period - Goal by Scott Parse - Thunder : 2 - Ice Dragons : 1.
17:50 of 1st period - Samuel Pahlsson wins face-off versus Patrick O'Sullivan in neutral zone.
17:56 of 1st period - Minor Penalty to Nigel Dawes for Hooking.
17:57 of 1st period - Mats Zuccarello wins face-off versus Samuel Pahlsson in Ice Dragons zone.
18:24 of 1st period - Slapshot by Tom Pyatt.
18:24 of 1st period - Stopped by Justin Pogge without a rebound.
18:25 of 1st period - Tom Pyatt wins face-off versus Kris Beech in Ice Dragons zone.
18:57 of 1st period - Wrist shot by Matt D'Agostini.
18:57 of 1st period - Shot Misses the Net.
18:59 of 1st period - Slapshot by Derek Peltier.
18:59 of 1st period - Deflect By Tom Pyatt.
18:59 of 1st period - Stopped by Justin Pogge without a rebound.
19:00 of 1st period - Mats Zuccarello wins face-off versus Samuel Pahlsson in Ice Dragons zone.
19:11 of 1st period - Backhand shot by Pierre-Alexandre Parenteau.
19:11 of 1st period - Shot Misses the Net.
19:13 of 1st period - Slapshot by Doug Janik.
19:13 of 1st period - Shot Blocked by Kevin Klein.
19:15 of 1st period - Slapshot by Doug Janik.
19:15 of 1st period - Goal by Doug Janik - Thunder : 3 - Ice Dragons : 1.
19:16 of 1st period - Samuel Pahlsson wins face-off versus Patrick O'Sullivan in neutral zone.
19:27 of 1st period - Snap shot by Scott Parse.
19:27 of 1st period - Stopped by Justin Pogge without a rebound.
19:28 of 1st period - Patrick O'Sullivan wins face-off versus Samuel Pahlsson in Ice Dragons zone.
19:53 of 1st period - Patrick O'Sullivan is hit by Jeff Finger and loses puck.
Goals for this period are 3 for Thunder vs 1 for Ice Dragons.
Shots for this period are 14 for Thunder vs 14 for Ice Dragons.
2nd period
0:01 of 2nd period - Samuel Pahlsson wins face-off versus Patrick O'Sullivan in neutral zone.
0:57 of 2nd period - Robin Leblanc is hit by Mats Zuccarello and loses puck.
1:36 of 2nd period - Snap shot by Samuel Pahlsson.
1:36 of 2nd period - Shot Blocked by Danny Syvret.
1:42 of 2nd period - Derek Peltier is hit by Tyler Eckford and loses puck.
2:14 of 2nd period - Snap shot by Robin Leblanc.
2:14 of 2nd period - Stopped by Justin Pogge with a rebound.
2:32 of 2nd period - Snap shot by Marc-Antoine Pouliot.
2:32 of 2nd period - Goal by Marc-Antoine Pouliot - Thunder : 3 - Ice Dragons : 2.
2:33 of 2nd period - Patrick O'Sullivan wins face-off versus Pierre-Alexandre Parenteau in neutral zone.
2:51 of 2nd period - Minor Penalty to Pierre-Alexandre Parenteau for Hooking.
2:52 of 2nd period - Patrick O'Sullivan wins face-off versus Samuel Pahlsson in Thunder zone.
3:44 of 2nd period - Snap shot by Dany Roussin.
3:44 of 2nd period - Shot Misses the Net.
4:18 of 2nd period - Snap shot by Dany Roussin.
4:18 of 2nd period - Shot Misses the Net.
4:20 of 2nd period - Slapshot by Doug Janik.
4:20 of 2nd period - Deflect By Kevin Klein.
4:20 of 2nd period - Stopped by Justin Pogge without a rebound.
4:21 of 2nd period - Dany Roussin wins face-off versus Patrick O'Sullivan in Ice Dragons zone.
4:51 of 2nd period - Penalty to Pierre-Alexandre Parenteau is over, Pierre-Alexandre Parenteau is back on ice.
5:10 of 2nd period - Minor Penalty to Mats Zuccarello for Slashing.
5:11 of 2nd period - Tom Pyatt wins face-off versus Nigel Dawes in Ice Dragons zone.
5:14 of 2nd period - Backhand shot by Matt D'Agostini.
5:14 of 2nd period - Goal by Matt D'Agostini - Thunder : 4 - Ice Dragons : 2.
5:14 of 2nd period - Anders Nilsson enters game.
5:15 of 2nd period - Patrick O'Sullivan wins face-off versus Samuel Pahlsson in neutral zone.
5:23 of 2nd period - Snap shot by Scott Parse.
5:23 of 2nd period - Stopped by Anders Nilsson with a rebound.
5:31 of 2nd period - Wrist shot by Niklas Sundstrom.
5:31 of 2nd period - Shot Hit the Post.
5:52 of 2nd period - Martin Hanzal is hit by Dany Roussin and loses puck.
6:21 of 2nd period - Minor Penalty to Casey Pierro-Zabotel for Hooking.
6:22 of 2nd period - Samuel Pahlsson wins face-off versus Patrick O'Sullivan in Thunder zone.
6:51 of 2nd period - Snap shot by Shean Donovan.
6:51 of 2nd period - Deflect By Martin Hanzal.
6:51 of 2nd period - Shot Blocked by Doug Janik.
6:51 of 2nd period - Puck is out of play.
6:52 of 2nd period - Samuel Pahlsson wins face-off versus Patrick O'Sullivan in Thunder zone.
7:05 of 2nd period - Snap shot by Niklas Sundstrom.
7:05 of 2nd period - Shot Misses the Net.
7:28 of 2nd period - Snap shot by Nigel Dawes.
7:28 of 2nd period - Goal by Nigel Dawes - Thunder : 4 - Ice Dragons : 3.
7:29 of 2nd period - Scott Parse wins face-off versus Martin Hanzal in neutral zone.
7:37 of 2nd period - Snap shot by Jeff Tambellini.
7:37 of 2nd period - Goal by Jeff Tambellini - Thunder : 4 - Ice Dragons : 4.
7:38 of 2nd period - Patrick O'Sullivan wins face-off versus Samuel Pahlsson in neutral zone.
8:15 of 2nd period - Slapshot by Doug Janik.
8:15 of 2nd period - Deflect By Jeff Tambellini.
8:15 of 2nd period - Stopped by Anders Nilsson without a rebound.
8:16 of 2nd period - Samuel Pahlsson wins face-off versus Patrick O'Sullivan in Ice Dragons zone.
8:39 of 2nd period - Tom Pyatt is hit by Jeff Tambellini and loses puck.
8:59 of 2nd period - Minor Penalty to Casey Pierro-Zabotel for Slashing.
9:00 of 2nd period - Patrick O'Sullivan wins face-off versus Samuel Pahlsson in Thunder zone.
9:01 of 2nd period - Wrist shot by Nigel Dawes.
9:01 of 2nd period - Shot Misses the Net.
10:59 of 2nd period - Penalty to Casey Pierro-Zabotel is over, Casey Pierro-Zabotel is back on ice.
11:13 of 2nd period - Snap shot by Dany Roussin.
11:13 of 2nd period - Goal by Dany Roussin - Thunder : 5 - Ice Dragons : 4.
11:14 of 2nd period - Samuel Pahlsson wins face-off versus Patrick O'Sullivan in neutral zone.
11:22 of 2nd period - Minor Penalty to Patrick O'Sullivan for Hooking.
11:23 of 2nd period - Samuel Pahlsson wins face-off versus Nigel Dawes in Ice Dragons zone.
12:19 of 2nd period - Ray Macias is hit by Danny Syvret and loses puck.
13:11 of 2nd period - Doug Janik is hit by Danny Syvret and loses puck.
13:22 of 2nd period - Penalty to Patrick O'Sullivan is over, Patrick O'Sullivan is back on ice.
13:29 of 2nd period - Jeff Finger is hit by Tim Kennedy and loses puck.
13:59 of 2nd period - Icing by Tyler Eckford.
14:00 of 2nd period - Shean Donovan wins face-off versus Daultan Leveillé in Ice Dragons zone.
14:21 of 2nd period - Slapshot by Robin Leblanc.
14:21 of 2nd period - Shot Hit the Post.
14:47 of 2nd period - Snap shot by Niklas Sundstrom.
14:47 of 2nd period - Stopped by Devan Dubnyk with a rebound.
14:49 of 2nd period - Slapshot by Boris Valabik.
14:49 of 2nd period - Deflect By Patrick O'Sullivan.
14:49 of 2nd period - Shot Misses the Net.
14:49 of 2nd period - Puck is out of play.
14:50 of 2nd period - Jannik Hansen wins face-off versus Martin Hanzal in Thunder zone.
14:52 of 2nd period - Icing by Ray Macias.
14:53 of 2nd period - Martin Hanzal wins face-off versus Daultan Leveillé in Thunder zone.
14:54 of 2nd period - Wrist shot by Jeff Tambellini.
14:54 of 2nd period - Stopped by Devan Dubnyk without a rebound.
14:55 of 2nd period - Martin Hanzal wins face-off versus Daultan Leveillé in Thunder zone.
15:40 of 2nd period - Icing by Samuel Pahlsson.
15:41 of 2nd period - Daultan Leveillé wins face-off versus Patrick O'Sullivan in Thunder zone.
15:41 of 2nd period - Daultan Leveillé is hit by Danny Syvret.
16:09 of 2nd period - Wrist shot by Samuel Pahlsson.
16:09 of 2nd period - Stopped by Anders Nilsson with a rebound.
16:11 of 2nd period - Slapshot by Ray Macias.
16:11 of 2nd period - Shot Blocked by Mats Zuccarello.
16:13 of 2nd period - Wrist shot by Jannik Hansen.
16:13 of 2nd period - Stopped by Anders Nilsson with a rebound.
16:15 of 2nd period - Slapshot by Samuel Pahlsson.
16:15 of 2nd period - Shot Blocked by Danny Syvret.
16:17 of 2nd period - Wrist shot by Samuel Pahlsson.
16:17 of 2nd period - Goal by Samuel Pahlsson - Thunder : 6 - Ice Dragons : 4.
16:18 of 2nd period - Tom Pyatt wins face-off versus Patrick O'Sullivan in neutral zone.
16:30 of 2nd period - Minor Penalty to Matt D'Agostini for Holding.
16:31 of 2nd period - Samuel Pahlsson wins face-off versus Nigel Dawes in Thunder zone.
17:02 of 2nd period - Slapshot by Derek Peltier.
17:02 of 2nd period - Stopped by Anders Nilsson without a rebound.
17:03 of 2nd period - Patrick O'Sullivan wins face-off versus Samuel Pahlsson in Ice Dragons zone.
17:12 of 2nd period - Wrist shot by Patrick O'Sullivan.
17:12 of 2nd period - Stopped by Devan Dubnyk without a rebound.
17:13 of 2nd period - Samuel Pahlsson wins face-off versus Patrick O'Sullivan in Thunder zone.
17:20 of 2nd period - Wrist shot by Samuel Pahlsson.
17:20 of 2nd period - Stopped by Anders Nilsson with a rebound.
17:33 of 2nd period - Icing by Niklas Sundstrom.
17:34 of 2nd period - Patrick O'Sullivan wins face-off versus Samuel Pahlsson in Ice Dragons zone.
17:47 of 2nd period - Wrist shot by Nigel Dawes.
17:47 of 2nd period - Stopped by Devan Dubnyk without a rebound.
17:48 of 2nd period - Samuel Pahlsson wins face-off versus Martin Hanzal in Thunder zone.
17:57 of 2nd period - Snap shot by Jeff Tambellini.
17:57 of 2nd period - Goal by Jeff Tambellini - Thunder : 6 - Ice Dragons : 5.
17:58 of 2nd period - Samuel Pahlsson wins face-off versus Patrick O'Sullivan in neutral zone.
19:23 of 2nd period - Doug Janik is hit by Niklas Sundstrom and loses puck.
19:28 of 2nd period - Snap shot by Patrick O'Sullivan.
19:28 of 2nd period - Shot Misses the Net.
19:30 of 2nd period - Snap shot by Patrick O'Sullivan.
19:30 of 2nd period - Stopped by Devan Dubnyk with a rebound.
19:50 of 2nd period - Slapshot by Jeff Finger.
19:50 of 2nd period - Stopped by Anders Nilsson with a rebound.
Goals for this period are 3 for Thunder vs 4 for Ice Dragons.
Shots for this period are 12 for Thunder vs 9 for Ice Dragons.
3rd period
0:01 of 3rd period - Samuel Pahlsson wins face-off versus Patrick O'Sullivan in neutral zone.
0:06 of 3rd period - Wrist shot by Nigel Dawes.
0:06 of 3rd period - Deflect By Jeff Finger.
0:06 of 3rd period - Shot Hit the Post.
0:06 of 3rd period - Puck is out of play.
0:07 of 3rd period - Patrick O'Sullivan wins face-off versus Samuel Pahlsson in Thunder zone.
0:47 of 3rd period - Wrist shot by Niklas Sundstrom.
0:47 of 3rd period - Stopped by Devan Dubnyk without a rebound.
0:48 of 3rd period - Tom Pyatt wins face-off versus Martin Hanzal in Thunder zone.
0:50 of 3rd period - Minor Penalty to Ray Macias for Holding.
0:51 of 3rd period - Patrick O'Sullivan wins face-off versus Samuel Pahlsson in Thunder zone.
0:55 of 3rd period - Wrist shot by Niklas Sundstrom.
0:55 of 3rd period - Shot Hit the Post.
0:57 of 3rd period - Snap shot by Boris Valabik.
0:57 of 3rd period - Stopped by Devan Dubnyk with a rebound.
0:59 of 3rd period - Slapshot by Boris Valabik.
0:59 of 3rd period - Shot Blocked by Samuel Pahlsson.
1:01 of 3rd period - Snap shot by Nigel Dawes.
1:01 of 3rd period - Shot Misses the Net.
1:03 of 3rd period - Snap shot by Nigel Dawes.
1:03 of 3rd period - Shot Misses the Net.
1:05 of 3rd period - Snap shot by Boris Valabik.
1:05 of 3rd period - Shot Blocked by Samuel Pahlsson.
1:17 of 3rd period - Jeff Finger is hit by Boris Valabik and loses puck.
2:02 of 3rd period - Martin Hanzal is hit by Derek Peltier and loses puck.
2:50 of 3rd period - Penalty to Ray Macias is over, Ray Macias is back on ice.
3:21 of 3rd period - Tyler Eckford is hit by Brandon Mashinter and loses puck.
3:25 of 3rd period - Icing by Brad Staubitz.
3:26 of 3rd period - Marc-Antoine Pouliot wins face-off versus Tom Pyatt in Ice Dragons zone.
3:26 of 3rd period - Marc-Antoine Pouliot is hit by Dany Roussin.
3:52 of 3rd period - Snap shot by Tim Kennedy.
3:52 of 3rd period - Shot Blocked by Ray Macias.
3:54 of 3rd period - Slapshot by Tyler Eckford.
3:54 of 3rd period - Deflect By Ray Macias.
3:54 of 3rd period - Stopped by Devan Dubnyk without a rebound.
3:55 of 3rd period - Patrick O'Sullivan wins face-off versus Brandon Mashinter in Thunder zone.
3:59 of 3rd period - Icing by Robin Leblanc.
4:00 of 3rd period - Patrick O'Sullivan wins face-off versus Brandon Mashinter in Thunder zone.
4:01 of 3rd period - Snap shot by Nigel Dawes.
4:01 of 3rd period - Shot Misses the Net.
4:32 of 3rd period - Minor Penalty to Martin Hanzal for Hooking.
4:33 of 3rd period - Nigel Dawes wins face-off versus Scott Parse in Ice Dragons zone.
4:40 of 3rd period - Icing by Jeff Finger.
4:41 of 3rd period - Nigel Dawes wins face-off versus Samuel Pahlsson in Thunder zone.
4:46 of 3rd period - Snap shot by Nigel Dawes.
4:46 of 3rd period - Shot Misses the Net.
5:35 of 3rd period - Snap shot by Scott Parse.
5:35 of 3rd period - Stopped by Anders Nilsson with a rebound.
5:55 of 3rd period - Snap shot by Doug Janik.
5:55 of 3rd period - Stopped by Anders Nilsson with a rebound.
5:57 of 3rd period - Slapshot by Scott Parse.
5:57 of 3rd period - Shot Blocked by Nigel Dawes.
6:03 of 3rd period - Slapshot by Doug Janik.
6:03 of 3rd period - Goal by Doug Janik - Thunder : 7 - Ice Dragons : 5.
6:04 of 3rd period - Tom Pyatt wins face-off versus Martin Hanzal in neutral zone.
6:09 of 3rd period - Jeff Tambellini is hit by Dany Roussin and loses puck.
6:16 of 3rd period - Wrist shot by Matt D'Agostini.
6:16 of 3rd period - Stopped by Anders Nilsson without a rebound.
6:17 of 3rd period - Tom Pyatt wins face-off versus Martin Hanzal in Ice Dragons zone.
6:22 of 3rd period - Snap shot by Matt D'Agostini.
6:22 of 3rd period - Shot Misses the Net.
6:24 of 3rd period - Snap shot by Dany Roussin.
6:24 of 3rd period - Shot Blocked by Kevin Klein.
6:26 of 3rd period - Slapshot by Derek Peltier.
6:26 of 3rd period - Shot Misses the Net.
6:33 of 3rd period - Off-side.
6:34 of 3rd period - Patrick O'Sullivan wins face-off versus Brandon Mashinter in neutral zone.
6:46 of 3rd period - Backhand shot by Patrick O'Sullivan.
6:46 of 3rd period - Deflect By Niklas Sundstrom.
6:46 of 3rd period - Shot Misses the Net.
6:46 of 3rd period - Puck is out of play.
6:47 of 3rd period - Patrick O'Sullivan wins face-off versus Samuel Pahlsson in Thunder zone.
6:48 of 3rd period - Slapshot by Niklas Sundstrom.
6:48 of 3rd period - Deflect By Patrick O'Sullivan.
6:48 of 3rd period - Stopped by Devan Dubnyk without a rebound.
6:49 of 3rd period - Patrick O'Sullivan wins face-off versus Samuel Pahlsson in Thunder zone.
6:52 of 3rd period - Wrist shot by Patrick O'Sullivan.
6:52 of 3rd period - Deflect By Nigel Dawes.
6:52 of 3rd period - Shot Blocked by Scott Parse.
6:52 of 3rd period - Puck is out of play.
6:53 of 3rd period - Samuel Pahlsson wins face-off versus Patrick O'Sullivan in Thunder zone.
6:55 of 3rd period - Double Minor Penalty to Pierre-Alexandre Parenteau for Roughing.
6:56 of 3rd period - Samuel Pahlsson wins face-off versus Niklas Sundstrom in Thunder zone.
8:23 of 3rd period - Boris Valabik is hit by Jeff Finger and loses puck.
10:55 of 3rd period - Penalty to Pierre-Alexandre Parenteau is over, Pierre-Alexandre Parenteau is back on ice.
12:19 of 3rd period - Jannik Hansen is hit by Mats Zuccarello and loses puck.
13:14 of 3rd period - Minor Penalty to Nigel Dawes for Interference.
13:15 of 3rd period - Samuel Pahlsson wins face-off versus Mats Zuccarello in Ice Dragons zone.
13:50 of 3rd period - Snap shot by Dany Roussin.
13:50 of 3rd period - Stopped by Anders Nilsson without a rebound.
13:51 of 3rd period - Kris Beech wins face-off versus Tom Pyatt in Ice Dragons zone.
14:20 of 3rd period - Backhand shot by Niklas Sundstrom.
14:20 of 3rd period - Goal by Niklas Sundstrom - Thunder : 7 - Ice Dragons : 6.
14:21 of 3rd period - Samuel Pahlsson wins face-off versus Mats Zuccarello in neutral zone.
14:36 of 3rd period - Wrist shot by Samuel Pahlsson.
14:36 of 3rd period - Shot Blocked by Niklas Sundstrom.
15:14 of 3rd period - Penalty to Nigel Dawes is over, Nigel Dawes is back on ice.
15:37 of 3rd period - Minor Penalty to Danny Syvret for Roughing.
15:38 of 3rd period - Nigel Dawes wins face-off versus Samuel Pahlsson in Ice Dragons zone.
15:51 of 3rd period - Slapshot by Doug Janik.
15:51 of 3rd period - Deflect By Boris Valabik.
15:51 of 3rd period - Stopped by Anders Nilsson without a rebound.
15:52 of 3rd period - Samuel Pahlsson wins face-off versus Nigel Dawes in Ice Dragons zone.
15:57 of 3rd period - Slapshot by Doug Janik.
15:57 of 3rd period - Stopped by Anders Nilsson without a rebound.
15:58 of 3rd period - Nigel Dawes wins face-off versus Samuel Pahlsson in Ice Dragons zone.
16:15 of 3rd period - Off-side.
16:16 of 3rd period - Tom Pyatt wins face-off versus Nigel Dawes in neutral zone.
16:41 of 3rd period - Samuel Pahlsson is hit by Boris Valabik and loses puck.
17:37 of 3rd period - Penalty to Danny Syvret is over, Danny Syvret is back on ice.
17:43 of 3rd period - Kevin Klein is hit by Casey Pierro-Zabotel and loses puck.
17:48 of 3rd period - Snap shot by Robin Leblanc.
17:48 of 3rd period - Stopped by Anders Nilsson with a rebound.
17:54 of 3rd period - Slapshot by Slava Voynov.
17:54 of 3rd period - Shot Misses the Net.
18:57 of 3rd period - Snap shot by Pierre-Alexandre Parenteau.
18:57 of 3rd period - Stopped by Anders Nilsson without a rebound.
18:58 of 3rd period - Darryl Sutter call a timeout for Ice Dragons.
18:58 of 3rd period - Samuel Pahlsson wins face-off versus Patrick O'Sullivan in Ice Dragons zone.
19:05 of 3rd period - Wrist shot by Samuel Pahlsson.
19:05 of 3rd period - Shot Misses the Net.
19:13 of 3rd period - Slapshot by Scott Parse.
19:13 of 3rd period - Shot Blocked by Kevin Klein.
19:15 of 3rd period - Snap shot by Scott Parse.
19:15 of 3rd period - Shot Blocked by Boris Valabik.
19:17 of 3rd period - Wrist shot by Scott Parse.
19:17 of 3rd period - Stopped by Anders Nilsson with a rebound.
19:19 of 3rd period - Snap shot by Pierre-Alexandre Parenteau.
19:19 of 3rd period - Stopped by Anders Nilsson with a rebound.
19:29 of 3rd period - Snap shot by Samuel Pahlsson.
19:29 of 3rd period - Goal by Samuel Pahlsson - Thunder : 8 - Ice Dragons : 6.
19:30 of 3rd period - Kris Beech wins face-off versus Brandon Mashinter in neutral zone.
19:34 of 3rd period - Tyler Eckford is hit by Jeff Finger and loses puck.
Goals for this period are 2 for Thunder vs 1 for Ice Dragons.
Shots for this period are 12 for Thunder vs 5 for Ice Dragons.
Output by the SimonT Hockey Simulator (STHS) for François Prévost -- Original Page W3C XHTML 1.0 Valid